AoeStats
← ivcrk826

Arabia

506652635Analyzed
1v1 RM · 17d ago on Sep 14, 2026· 46m 58s· 2 players
Game mode
Random Map
Map size
Tiny (2 player)
Population
200
Speed
Normal
Resources
Standard
Victory
Conquest
Starting age
Dark Age
Ending age
Imperial Age
RankedLock teamsTeams togetherTeam positionsShared explorationLock speedFull tech treeHidden civsTurbo modeCheats
Victory
Defeat
🇧🇩 Mongols · Bangladesh
1187
+15
🇦🇷 Khitans · Argentina
1163
-15
ivcrk826
6:28 Loom
10:04 Feudal Age
11:42 Double-Bit Axe
17:59 Forging
18:32 Scale Barding Armor
24:00 Castle Age
25:33 Iron Casting
25:01 Husbandry
24:55 Light Cavalry
29:45 Chain Barding Armor
31:24 Fletching
40:34 Ballistics
46:44 Imperial Age
46:05 Wheelbarrow
AoBD I Ruman
5:05 Loom
8:35 Feudal Age
10:03 Double-Bit Axe
19:50 Fletching
23:39 Castle Age
21:29 Horse Collar
22:03 Bloodlines
22:32 Padded Archer Armor
22:29 Gold Mining
24:19 Bodkin Arrow
25:06 Husbandry
28:18 Leather Archer Armor
34:38 Town Watch
35:29 Wheelbarrow
42:05 Imperial Age
40:13 Bow Saw
40:11 Heavy Plow
40:31 Stone Mining
41:17 Gold Shaft Mining
42:04 Light Cavalry
42:50 Scale Barding Armor
43:16 Parthian Tactics
42:12 Heavy Cavalry Archer
42:59 Bracer
44:01 Hand Cart
45:01 Chemistry
44:21 Ballistics
45:38 Town Patrol
45:36 Hussar
47:45 Chain Barding Armor
47:53 Conscription
Connection lost

Rejoining the realm…

Still unreachable

The connection could not be restored.

Session expired

The server has moved on; the page needs a fresh start.